 Dungeon Crawl Stone Soup version 0.20.1-1-g8b1a95d66d (webtiles) character file.

3706 Meaglor the Summoner (level 9, -15/61 HPs)
             Began as a Demonspawn Summoner on Dec 1, 2017.
             Was a Believer of Kikubaaqudgha.
             Killed from afar by a guardian golem (38 damage)
             ... with an exploding inner flame
             ... summoned by the player character
             ... on level 9 of the Dungeon on Dec 2, 2017.
             The game lasted 01:35:15 (14993 turns).

Meaglor the Summoner (Demonspawn Summoner)         Turns: 14993, Time: 01:35:21

Health: -15/61     AC:  9    Str:  6    XL:     9   Next: 91%
Magic:  2/21       EV: 14    Int: 20    God:    Kikubaaqudgha [**....]
Gold:   348        SH:  6    Dex: 14    Spells: 1/24 levels left

rFire    . . .     SeeInvis .   s - +0 dagger (curse)
rCold    . . .     Gourm    .   (no shield)
rNeg     . . .     Faith    .   o - +2 robe {MR+}
rPois    .         Spirit   .   (helmet restricted)
rElec    .         Reflect  +   j - +0 cloak
rCorr    +         Harm     .   e - +0 pair of gloves
MR       ++...                  L - +0 pair of boots
Stlth    +++++.....             k - +6 amulet of reflection
Regen    0.2/turn               h - ring of stealth
MPRegen  0.2/turn               l - ring of resist corrosion

@: no status effects
A: antennae 1, yellow scales 1, magic resistance 1, nightstalker 2, weak 1
a: Receive Corpses, Renounce Religion


You were on level 9 of the Dungeon.
You worshipped Kikubaaqudgha.
Kikubaaqudgha was pleased with you.
You were not hungry.

You visited 2 branches of the dungeon, and saw 10 of its levels.

You collected 348 gold pieces.

Inventory:

Hand Weapons
 f - a +0 spear
 p - a +1 dagger
 s - a cursed +0 dagger (weapon)
 u - a +0 long sword
 w - a +4 flail
 x - a +1 dagger of chaos
 z - a +0 shortbow
 B - a +1 dagger of venom
 H - a cursed +6 mace
 I - a +1 trident of freezing
 O - the +8 hand crossbow "Utor" {venom, rElec rC- Str+3 Dex+4, unknown}
   (You found it on level 8 of the Dungeon)

   It poisons the ammo it fires.
   It affects your strength (+3).
   It affects your dexterity (+4).
   It makes you vulnerable to cold.
   It insulates you from electricity.
 Q - a +0 hunting sling of velocity
 R - a +3 halberd
Missiles
 m - 12 poisoned needles
 C - 95 arrows
 G - 5 tomahawks (quivered)
Armour
 a - a +0 robe
 e - a +0 pair of gloves (worn)
 j - a +0 cloak (worn)
 n - a +0 helmet
 o - a +2 robe of magic resistance (worn)
 L - a +0 pair of boots (worn)
Magical Staves
 t - an uncursed staff of air
Jewellery
 h - a ring of stealth (left hand)
 k - a +6 amulet of reflection (around neck)
 l - a ring of resist corrosion (right hand)
 r - an uncursed ring of protection from fire
 P - an uncursed ring of wizardry {unknown}
Wands
 d - a wand of lightning (2/15)
 g - a wand of polymorph (15/24)
 y - a wand of random effects (32/48)
 D - a wand of random effects (17/48)
 F - a wand of polymorph (15/24)
 N - a wand of digging (17/24)
Scrolls
 v - 3 scrolls of teleportation
Potions
 i - 2 potions of haste
 A - a potion of lignification
 K - 2 potions of might
Books
 b - a book of Callings

   Spells                             Type                      Level
   a - Summon Small Mammal            Summoning                    1
   b - Call Imp                       Summoning                    2
   c - Call Canine Familiar           Summoning                    3
   d - Summon Guardian Golem          Hexes/Summoning              3
   e - Summon Lightning Spire         Summoning/Air                4
   f - Summon Ice Beast               Ice/Summoning                4
 E - Kikubaaqudgha's Grimoire of Unholy Secrets
   (Kikubaaqudgha gifted it to you on level 6 of the Dungeon)

   Spells                             Type                      Level
   a - Pain                           Necromancy                   1
   b - Corpse Rot                     Necromancy                   2
   c - Sublimation of Blood           Necromancy                   2
   d - Vampiric Draining              Necromancy                   3
   e - Control Undead                 Necromancy                   4
 S - Kikubaaqudgha's Almanac of Darkness
   (Kikubaaqudgha gifted it to you on level 9 of the Dungeon)

   Spells                             Type                      Level
   a - Animate Dead                   Necromancy                   4
   b - Bolt of Draining               Conjuration/Necromancy       5
   c - Agony                          Necromancy                   5
   d - Dispel Undead                  Necromancy                   5
   e - Death Channel                  Necromancy                   6
Miscellaneous
 T - a phantom mirror
Comestibles
 q - a bread ration


   Skills:
 + Level 2.0 Fighting
 - Level 0.6 Short Blades
 + Level 4.2 Dodging
 + Level 3.6 Stealth
 - Level 0.1 Unarmed Combat
 + Level 8.2 Spellcasting
 + Level 0.8 Hexes
 + Level 8.9 Summonings
 * Level 5.2 Necromancy
 + Level 1.0 Evocations


You had one spell level left.
You knew the following spells:

 Your Spells              Type           Power        Failure   Level  Hunger
a - Corpse Rot            Necr           N/A          1%          2    None
b - Call Imp              Summ           #####...     1%          2    None
c - Call Canine Familiar  Summ           #####...     1%          3    None
d - Pain                  Necr           ####         1%          1    None
e - Summon Guardian Gole  Hex/Summ       ####....     3%          3    None
f - Control Undead        Necr           ####......   10%         4    ###....
g - Animate Dead          Necr           N/A          10%         4    ###....
h - Summon Ice Beast      Ice/Summ       ####....     13%         4    ###....


Dungeon Overview and Level Annotations

Branches:
Dungeon (9/15)             Temple (1/1) D:4
   Lair: D:8-11         Orc: D:9-12

Altars:
Ashenzari
Cheibriados
Dithmenos
Elyvilon
Fedhas
Gozag
Hepliaklqana
Kikubaaqudgha
Makhleb
Nemelex Xobeh
Okawaru
Qazlal
Ru
Sif Muna
Trog
Uskayaw
Vehumet
Xom
Yredelemnul
Zin
The Shining One

Annotations:
D:5 Sigmund
D:9 Erica


Innate Abilities, Weirdness & Mutations

You have a pair of small antennae on your head.
You are partially covered in yellow scales. (AC +2)
You are significantly more attuned to the shadows.
You are resistant to hostile enchantments. (MR+)
You are weak. (Str -2)


Message History

Something hits your guardian golem.
Your guardian golem overheats!
Something barely misses your guardian golem.
Something hits your ogre zombie but does no damage.
Something closely misses your wolf. You block the orc's attack.
The orc hits your guardian golem with a hand axe.
The orc hits your worm zombie with a hand axe.
Something hits your wolf.
Your worm zombie bites the orc!
The orc dies!
Kikubaaqudgha accepts your kill.
Something hits your wolf but does no damage.
Something barely misses your wolf.
Your ogre zombie barely misses the orc.
The orc hits your guardian golem with a war axe!
Your guardian golem explodes!
The fiery explosion engulfs your worm zombie.
Your worm zombie is destroyed!
The fiery explosion engulfs you!
Ouch! That really hurt!
You die...
Kikubaaqudgha rasps: "You have failed me!
Welcome... death!"

#...# #...# ####
#...# ## +# #Z..
##...# ###Z .#
#.o{#ZZZ
.>...#########
#§o{8o# #.8§#@##
#..........#
#§#{oo# #.o§§§#
#.########.#
#@##o# ##o#### #.#
#.# #5#{o# # { #.#
#.# #5h{# #.# #.#
###Z##### #.#
####)#####.....#
......).....###...
###.........# .
...#######.# ####
#...


You could see an orc, a friendly wolf, 2 friendly shadow imps, a friendly orc
zombie and a friendly ogre zombie.

Vanquished Creatures
  An ice beast (D:6)
  Dowan (D:6)
  A wight (D:6)
  A jelly (D:9)
  A hound (D:7)
  A worker ant (D:4)
  A howler monkey zombie (D:8)
  An adder (D:4)
  An ooze (D:3)
  A worm (D:2)
  A dart slug (D:1)
  6 orcs
  A giant cockroach (D:4)
  6 goblins
  2 hobgoblins (D:1)
  2 jackals
  A quokka (D:5)
  A ball python (D:1)
  4 bats
  A frilled lizard (D:2)
  A jackal skeleton (D:4)
  8 kobolds
  A quokka skeleton (D:7)
  4 rats
49 creatures vanquished.

Vanquished Creatures (collateral kills)
  2 two-headed ogres (D:9)
  2 trolls
  A hippogriff (D:7)
  The ghost of Meaglor the Caller, an amateur DESu (D:6)
  A wyvern (D:9)
  2 hungry ghosts
  Duvessa (D:6)
  2 water moccasins
  2 ice beasts (D:7)
  2 orc warriors (D:9)
  An eye of draining (D:9)
  An ogre (D:4)
  2 sky beasts
  A necrophage (D:7)
  5 centaurs
  2 big kobolds
  Blork the orc (D:5)
  4 bullfrogs
  3 scorpions
  A wyvern skeleton (D:9)
  4 wights (D:6)
  6 howler monkeys
  7 crimson imps
  A quasit (D:5)
  A centaur zombie (D:8)
  A jelly (D:8)
  A bullfrog skeleton (D:7)
  4 hounds
  9 orc wizards
  Jessica (D:2)
  7 iguanas
  5 worker ants
  9 gnolls
  7 adders
  4 shadow imps
  An ooze (D:3)
  An adder skeleton (D:6)
  2 worms (D:2)
  3 dart slugs
  A leopard gecko (D:7)
  30 orcs
  A giant cockroach (D:1)
  2 goblins (D:1)
  3 hobgoblins
  7 jackals
  8 kobolds
  A quokka (D:9)
  A ball python (D:2)
  3 bats
  2 frilled lizards (D:1)
  A leopard gecko zombie (D:6)
  A rat (D:3)
172 creatures vanquished.

Vanquished Creatures (others)
  A cyclops (D:8)
1 creature vanquished.

Grand Total: 222 creatures vanquished

Notes
Turn   | Place    | Note
-------+----------+-------------------------------------------
     0 | D:1      | Meaglor the Demonspawn Summoner began the quest for the Orb.
     0 | D:1      | Reached XP level 1. HP: 13/13 MP: 3/3
   618 | D:1      | Gained mutation: You are slightly more attuned to the shadows. [demonic ancestry]
   618 | D:1      | Reached XP level 2. HP: 9/19 MP: 1/5
   662 | D:1      | Learned a level 2 spell: Call Imp
  1926 | D:1      | Gained mutation: You are partially covered in yellow scales. (AC +2) [demonic ancestry]
  1926 | D:1      | Reached XP level 3. HP: 23/25 MP: 6/6
  1931 | D:1      | Learned a level 3 spell: Call Canine Familiar
  2268 | D:2      | Noticed Jessica
  2281 | D:2      | Killed Jessica
  2772 | D:2      | You fall through a shaft for 2 floors!
  2783 | D:4      | Reached XP level 4. HP: 23/31 MP: 6/8
  2826 | D:4      | Reached skill level 1 in Fighting
  3914 | D:3      | Gained mutation: You are significantly more attuned to the shadows. [demonic ancestry]
  3914 | D:3      | Reached XP level 5. HP: 37/37 MP: 10/10
  4199 | D:4      | Found a shimmering altar of Xom.
  4558 | D:4      | Reached skill level 5 in Summonings
  4558 | D:4      | Reached XP level 6. HP: 43/43 MP: 4/11
  4812 | D:4      | Noticed a water moccasin
  4966 | D:4      | Found a staircase to the Ecumenical Temple.
  4975 | Temple   | Entered the Ecumenical Temple
  4996 | Temple   | Became a worshipper of Kikubaaqudgha
  5895 | D:4      | Killed a water moccasin
  6017 | D:5      | Entered Level 5 of the Dungeon
  6538 | D:5      | Reached XP level 7. HP: 44/48 MP: 5/13
  6973 | D:5      | Noticed Sigmund
  7359 | D:5      | Noticed Blork the orc
  7369 | D:5      | Killed Blork the orc
  7671 | D:5      | Reached skill level 5 in Spellcasting
  8031 | D:6      | Reached * piety under Kikubaaqudgha
  8031 | D:6      | Identified Kikubaaqudgha's Grimoire of Unholy Secrets (Kikubaaqudgha gifted it to you on level 6 of the Dungeon)
  8031 | D:6      | Received a gift from Kikubaaqudgha
  8140 | D:6      | Learned a level 1 spell: Pain
  8208 | D:6      | Noticed Dowan
  8212 | D:6      | Noticed Duvessa
  8265 | D:6      | Killed Duvessa
  8293 | D:6      | Killed Dowan
  8413 | D:6      | Noticed Meaglor's ghost (amateur DESu)
  8433 | D:6      | Killed Meaglor's ghost
  8433 | D:6      | Reached skill level 1 in Necromancy
  8681 | D:6      | Reached XP level 8. HP: 54/54 MP: 8/16
  9140 | D:6      | Gained mutation: Your body sometimes deteriorates upon taking damage. [potion of mutation]
  9140 | D:6      | Gained mutation: Your flesh is heat resistant. (rF+) [potion of mutation]
  9196 | D:6      | Learned a level 2 spell: Corpse Rot
 11021 | D:7      | Reached ** piety under Kikubaaqudgha
 11121 | D:7      | Reached skill level 1 in Evocations
 11410 | D:7      | Noticed a hippogriff
 11436 | D:7      | Killed a hippogriff
 11567 | D:7      | Gained mutation: You have a pair of small antennae on your head. [demonic ancestry]
 11567 | D:7      | Reached XP level 9. HP: 57/61 MP: 16/19
 11568 | D:7      | Lost mutation: Your body sometimes deteriorates upon taking damage. [potion of mutation]
 11568 | D:7      | Lost mutation: Your flesh is heat resistant. (rF+) [potion of mutation]
 11568 | D:7      | Gained mutation: You are weak. (Str -2) [potion of mutation]
 11568 | D:7      | Gained mutation: You are resistant to hostile enchantments. (MR+) [potion of mutation]
 11586 | D:7      | Learned a level 3 spell: Summon Guardian Golem
 12429 | D:8      | Noticed a cyclops
 12430 | D:8      | Noticed a cyclops
 12454 | D:8      | Noticed a troll
 12490 | D:8      | Noticed a water nymph
 12490 | D:8      | a cyclops changed into a water nymph
 12564 | D:8      | Got a polished hand crossbow
 12893 | D:8      | Killed a cyclops
 13198 | D:8      | Learned a level 4 spell: Control Undead
 13218 | D:8      | Killed a troll
 13842 | D:9      | Noticed a two-headed ogre
 13853 | D:9      | Killed a two-headed ogre
 13969 | D:9      | Noticed a troll
 13997 | D:9      | Killed a troll
 13997 | D:9      | Reached *** piety under Kikubaaqudgha
 13997 | D:9      | Identified Kikubaaqudgha's Almanac of Darkness (Kikubaaqudgha gifted it to you on level 9 of the Dungeon)
 13997 | D:9      | Received a gift from Kikubaaqudgha
 14004 | D:9      | Learned a level 4 spell: Animate Dead
 14174 | D:9      | Noticed a two-headed ogre
 14187 | D:9      | Killed a two-headed ogre
 14187 | D:9      | Reached skill level 5 in Necromancy
 14299 | D:9      | Learned a level 4 spell: Summon Ice Beast
 14616 | D:9      | Noticed Erica
 14618 | D:9      | HP: 3/61 [something (18)]
 14993 | D:9      | Killed from afar by a guardian golem

Skill      XL: |  1  2  3  4  5  6  7  8  9 |
---------------+----------------------------+-----
Dodging        | 2 3 4 |  4.2
Stealth        | 2 3 |  3.6
Spellcasting   | 3 4 5 6 8 |  8.2
Fighting       | 1 2 |  2.0
Summonings     | 5 6 7 8 |  8.9
Necromancy     | 1 3 5 |  5.2
Evocations     | 1 |  1.0
Short Blades   | |  0.6
Unarmed Combat | |  0.1
Hexes          | |  0.8

Action                   |  1- 3 |  4- 6 |  7- 9 || total
-------------------------+-------+-------+-------++-------
Melee: Unarmed           |    33 |       |       ||    33
       Spear             |   116 |    30 |       ||   146
       Dagger            |       |   196 |   301 ||   497
 Cast: Summon Small Mamm |     6 |       |       ||     6
       Call Imp          |     8 |    46 |   170 ||   224
       Call Canine Famil |     3 |    24 |    65 ||    92
       Pain              |       |       |    11 ||    11
       Summon Guardian G |       |       |    21 ||    21
       Animate Dead      |       |       |     4 ||     4
       Control Undead    |       |       |     1 ||     1
       Summon Ice Beast  |       |       |     1 ||     1
Invok: Receive Corpses   |       |       |     5 ||     5
Evoke: Wand              |       |     1 |     9 ||    10
  Use: Scroll            |     3 |     5 |    13 ||    21
       Potion            |     1 |     1 |    14 ||    16
 Stab: Sleeping          |     5 |    11 |     2 ||    18
       Distracted        |       |     3 |     4 ||     7
       Confused          |       |       |     1 ||     1
  Eat: Bread ration      |     1 |     2 |     6 ||     9
       Royal jelly       |     1 |     1 |     3 ||     5
       Meat ration       |       |     1 |       ||     1
       Fruit             |       |     2 |     2 ||     4
Armor: Robe              |    78 |    67 |   111 ||   256
       Skin              |       |       |     7 ||     7
Dodge: Dodged            |   135 |   158 |   231 ||   524
Block: Other             |       |    50 |   106 ||   156
       Reflection        |       |     1 |     4 ||     5
